 Dungeon Crawl Stone Soup version 0.31-a0-485-gaadceae713 (webtiles) character file.

Game seed: 3068746756703599774

312 Crownlay the Magician (level 6, 0/36 HPs)
             Began as an Octopode Earth Elementalist on Aug 7, 2023.
             Slain by a centaur zombie (1 damage)
             ... in an ossuary.
             The game lasted 00:04:08 (2028 turns).

Crownlay the Magician (Octopode Earth Elementalist) Turns: 2028, Time: 00:04:09

Health: 0/36       AC:  1    Str:  7    XL:     6   Next: 42%
Magic:  13/13      EV: 13    Int: 19    God:
Gold:   118        SH:  0    Dex: 13    Spells: 11/15 levels left

rFire   + . .        (no weapon)
rCold   x . .        (no shield)
rNeg    . . .        (helmet restricted)
rPois   .            f - amulet of magic regeneration
rElec   .            k - ring of fire
rCorr   .            (no ring)
SInv    .            (no ring)
Will    .....        (no ring)
Stlth   +++          (no ring)
HPRegen 0.26/turn    (no ring)
MPRegen 0.53/turn    (no ring)
                     (no ring)

%: no passive effects
@: marked
A: almost no armour, amphibious, 8 rings, camouflage 1, gelatinous body 1,
(nimble swimmer 1), tentacles
a: no special abilities


You were in an ossuary.
You visited 1 branch of the dungeon, and saw 4 of its levels.
You also visited: Ossuary.

You collected 130 gold pieces.
You spent 12 gold pieces at shops.

Inventory:

Jewellery
 f - an amulet of magic regeneration (around mantle)
 k - a ring of fire (left tentacle)
Scrolls
 b - a scroll of identify
 c - 2 scrolls of teleportation
 j - a scroll of summoning
 l - a scroll of poison {unknown}
 m - a scroll of silence {unknown}
Potions
 a - a potion of magic
 e - a potion of brilliance {unknown}
 g - a potion of lignification {unknown}
 i - a potion of invisibility {unknown}


   Skills:
 - Level 2.0 Dodging
 - Level 2.6 Stealth
 * Level 5.0 Spellcasting
 + Level 1.1 Conjurations
 - Level 1.0 Transmutations
 + Level 4.5 Earth Magic


You had 11 spell levels left.
You knew the following spells:

 Your Spells              Type           Power      Damage    Failure   Level
a - Sandblast             Erth           44%        2d11      1%          1
b - Stone Arrow           Conj/Erth      30%        3d8       12%         3

Your spell library contained the following spells:

 Spells                   Type           Power      Damage    Failure   Level
 Passwall                 Tmut/Erth      12%        N/A       6%          2
 Static Discharge         Conj/Air       12%        2-3/arc   16%         2
 Gell's Gravitas          Tloc           4%         N/A       36%         3
 Teleport Other           Tloc           4%         N/A       36%         3
 Petrify                  Tmut/Erth      15%        N/A       36%         4
 Airstrike                Air            2%         2d(1-17)  77%         4
 Summon Lightning Spire   Summ/Air       4%         N/A       77%         4
 Iskenderun's Battlesphe  Conj           8%         2d6       91%         5
 Leda's Unmaking          Conj/Erth      7%         9d2       99%         6
 Dispersal                Tloc           2%         N/A       100%        6
 Spellforged Servitor     Conj/Summ      3%         N/A       100%        7


Dungeon Overview and Level Annotations

Branches:
Dungeon (4/15)            Ossuary (1/1)
 Temple: D:4-7

Altars:
Ashenzari
Fedhas
Trog
Xom

Shops:
D:2 !


Innate Abilities, Weirdness & Mutations

You cannot wear most types of armour.
You are amphibious.
You can wear up to eight rings at the same time.
Your skin changes colour to match your surroundings (Stealth+).
Your rubbery body absorbs attacks. (AC +1, EV +1)
((You are camouflaged when in or above water. (Stealth+)))
You have tentacles for arms and can constrict up to eight enemies at once.


Message History

* * * LOW HITPOINT WARNING * * *
The centaur zombie hits you.
* * * LOW HITPOINT WARNING * * *
The centaur zombie kicks you.
* * * LOW HITPOINT WARNING * * *
You feel better.
The centaur zombie hits you but does no damage.
The centaur zombie misses you.
The centaur zombie attacks as you move away!
The centaur zombie barely misses you. The centaur zombie closely misses you.
Casting: Sandblast (safe; 1% risk of failure)
Confirm with . or Enter, or press ? or * to list all spells.
Aiming: Sandblast (safe; 1% risk of failure)
Press: ? - help, Shift-Dir - straight line, f - centaur zombie
Aim: a centaur zombie (100% to hit)
The blast of sand hits the centaur zombie.
The centaur zombie is lightly damaged.
The centaur zombie hits you.
* * * LOW HITPOINT WARNING * * *
The centaur zombie completely misses you.
The centaur zombie hits you.
* * * LOW HITPOINT WARNING * * *
The centaur zombie kicks you.
* * * LOW HITPOINT WARNING * * *
Casting: Sandblast (safe; 1% risk of failure)
Confirm with . or Enter, or press ? or * to list all spells.
Aiming: Sandblast (safe; 1% risk of failure)
Press: ? - help, Shift-Dir - straight line, f/p - centaur zombie
Aim: a centaur zombie (lightly damaged, 100% to hit)
The blast of sand hits the centaur zombie!
The centaur zombie is heavily damaged.
The centaur zombie hits you.
* * * LOW HITPOINT WARNING * * *
The centaur zombie barely misses you. x2
The centaur zombie completely misses you.
The centaur zombie attacks as you move away!
The centaur zombie hits you.
* * * LOW HITPOINT WARNING * * *
The centaur zombie kicks you.
You die...

#####################
.........∩∩.........#
................@Z..#
...##############ZZ.#
...# #...# ...# #...#
#...# ...#
....+####...# ...#
#.∩.....#...# ...#
#.......#MZ.# ...#
#.......#...#
...#.####.......#...#


You could see a mummy, a rat zombie, a kobold zombie, an elf zombie and a
centaur zombie.

Vanquished Creatures
  Sigmund (D:2)
  A centaur zombie (Ossuary)
  A mummy (D:4)
  4 adders
  A worm (D:3)
  A dart slug (D:3)
  8 ball pythons
  4 endoplasms
  6 giant cockroaches
  6 goblins
  2 hobgoblins
  A quokka (D:4)
  7 bats
  4 frilled lizards
  3 hobgoblin zombies (Ossuary)
  A jackal zombie (Ossuary)
  4 kobolds
  10 kobold zombies (Ossuary)
  7 orc zombies (Ossuary)
  4 rats
  A rat zombie (Ossuary)
77 creatures vanquished.

Notes
Turn   | Place    | Note
-------+----------+-------------------------------------------
     0 | D:1      | Crownlay the Octopode Earth Elementalist began the quest
                  | for the Orb.
     0 | D:1      | Reached XP level 1. HP: 11/11 MP: 3/3
   117 | D:1      | Reached XP level 2. HP: 12/17 MP: 0/5
   658 | D:2      | Reached XP level 3. HP: 21/21 MP: 5/7
   662 | D:2      | Learned a level 3 spell: Stone Arrow
   707 | D:2      | Found Bann's Distillery.
   710 | D:2      | Bought a potion of degeneration for 12 gold pieces
   738 | D:2      | Reached skill level 3 in Spellcasting
   975 | D:2      | Identified the +2 ring mail of Sail Zeo {-Tele +Inv Dex+3}
   992 | D:2      | Noticed Sigmund
   996 | D:2      | Killed Sigmund
   997 | D:2      | Reached skill level 4 in Spellcasting
   997 | D:2      | Reached XP level 4. HP: 17/27 MP: 1/10
   997 | D:2      | Reached XP level 5. HP: 19/31 MP: 1/11
  1335 | D:3      | Reached XP level 6. HP: 36/36 MP: 10/12
  1577 | D:3      | Found a shimmering altar of Xom.
  1596 | D:3      | Found a blossoming altar of Fedhas.
  1612 | D:3      | Found a broken altar of Ashenzari.
  1647 | D:3      | Found a bloodstained altar of Trog.
  1856 | D:4      | Found a sand-covered staircase.
  1889 | Ossuary  | Entered an ossuary
  2021 | Ossuary  | Reached skill level 5 in Spellcasting
  2021 | Ossuary  | Reached skill level 1 in Conjurations
  2022 | Ossuary  | HP: 1/36 [centaur zombie (1)]
  2028 | Ossuary  | HP: 1/36 [centaur zombie (1)]
  2028 | Ossuary  | Slain by a centaur zombie

Illustrated notes

Levels and vault maps discovered:
D:1:      amcnicky_arrival_choice, layout_rooms
D:2:      layout_loops_ring, serial_shops, nicolae_shop_tiny_real_fake_doors,
          fountainhead, uniq_sigmund
D:3:      layout_loops_ring, general_overflow_altar, xom_butterflies,
          cheibrodos_ashenzari_chains, fedhas_altar_1
D:4:      cheibrodos_greedy_goblins, layout_basic,
          mainiacjoe_overflow_cross_hatched, gup_ossuary_entry_pyramid,
          nicolae_kite_square_tiling_tiny
Ossuary:  ossuary_tomb_1

Skill      XL: |  1  2  3  4  5  6 |
---------------+-------------------+-----
Spellcasting   | 4 5 |  5.0
Earth Magic    | 4 |  4.5
Conjurations   | 1 |  1.1
Dodging        | |  2.0
Stealth        | |  2.6
Transmutations | |  1.0

Action                     |  1- 3 |  4- 6 || total
---------------------------+-------+-------++-------
  Melee: Unarmed           |     8 |     1 ||     9
         Tentacles         |     3 |       ||     3
         Constrict         |     1 |       ||     1
   Cast: Sandblast         |    37 |    64 ||   101
         Stone Arrow       |     2 |       ||     2
    Use: Scroll            |       |     5 ||     5
         Potion            |       |     2 ||     2
 Armour: Skin              |     2 |     3 ||     5
  Dodge: Dodged            |    11 |    35 ||    46

Table legend: (Time is in decaauts)
 A = Elapsed time spent in this place.
 B = Non-inter-level travel time spent in this place.
 C = Inter-level travel time spent in this place.
 D = Time resting spent in this place.
 E = Time spent auto-exploring this place.
 F = Levels seen in this place.
 G = Mean time per level.
                   A        B        C        D        E       F      G
               +--------+--------+--------+--------+--------+-----+--------+
         Total |   2076 |   2038 |     38 |      0 |   1588 |   5 |  415.2 |
       Dungeon |   1919 |   1881 |     38 |      0 |   1550 |   4 |  479.8 |
       Ossuary |    156 |    156 |      0 |      0 |     38 |   1 |  156.0 |
               +--------+--------+--------+--------+--------+-----+--------+

Top non-repeatable levels by time:
     D:2: 727 daAuts
     D:1: 587 daAuts
     D:3: 568 daAuts
 Ossuary: 156 daAuts
     D:4: 36 daAuts
